AoeStats
← Giantazio

Arena

508510067Analyzed
4v4 RM · 10d ago on Sep 22, 2026· 58m 58s· 8 players
Game mode
Random Map
Map size
Large (8 player)
Population
200
Speed
Normal
Resources
Standard
Victory
Conquest
Starting age
Dark Age
Ending age
Imperial Age
RankedLock teamsTeams togetherTeam positionsShared explorationLock speedFull tech treeHidden civsTurbo modeCheats
Victory
Defeat
🇮🇹 Persians · Italy
980
+12
🇮🇹 Celts · Italy
968
+13
🇮🇹 Mongols · Italy
955
+13
🇮🇹 Saracens · Italy
940
+15
🇬🇧 Britons · United Kingdom
910
-13
🇬🇧 Franks · United Kingdom
910
-14
🇺🇸 Bengalis · United States
886
-13
🇪🇸 Dravidians · Spain
884
-13
frankonil
3:43 Loom
12:24 Feudal Age
12:56 Double-Bit Axe
17:33 Castle Age
15:24 Horse Collar
16:22 Gold Mining
16:30 Stone Mining
18:32 Bow Saw
23:56 Caravan
28:08 Imperial Age
26:55 Wheelbarrow
26:49 Fletching
28:06 Husbandry
28:39 Ballistics
27:47 Pikeman
29:59 Chemistry
29:02 Town Watch
31:26 Bodkin Arrow
32:33 Medical Corps
34:02 Hand Cart
34:03 Padded Archer Armor
34:16 Forging
33:42 Halberdier
36:02 Heavy Plow
35:41 Elite Skirmisher
36:44 Town Patrol
38:11 Elite Elephant Archer
41:02 Squires
41:59 Iron Casting
41:24 Scale Mail Armor
44:04 Blast Furnace
43:21 Leather Archer Armor
43:06 Bracer
43:12 Scale Barding Armor
44:36 Wootz Steel
45:15 Murder Holes
45:31 Fortified Wall
48:26 Chain Mail Armor
48:43 Ring Archer Armor
48:23 Arson
50:59 Conscription
Hvide
10:55 Feudal Age
11:24 Loom
13:41 Loom
16:53 Castle Age
14:53 Double-Bit Axe
16:59 Loom
17:17 Gold Mining
17:26 Crossbowman
20:58 Fletching
28:24 Bodkin Arrow
29:48 Wheelbarrow
30:44 Caravan
32:57 Padded Archer Armor
33:32 Town Watch
33:41 Stone Mining
34:41 Ballistics
35:36 Bow Saw
43:27 Imperial Age
43:53 Murder Holes
45:00 Conscription
46:25 Elite Skirmisher
Gila9x
11:01 Feudal Age
12:39 Wheelbarrow
16:02 Castle Age
14:13 Double-Bit Axe
14:40 Gold Mining
16:25 Stone Mining
16:53 Bow Saw
19:29 Forging
24:09 Pikeman
28:10 Iron Casting
28:03 Scale Mail Armor
29:57 Gold Shaft Mining
31:39 Loom
35:33 Imperial Age
33:37 Squires
34:14 Scale Barding Armor
34:30 Chain Mail Armor
37:19 Chemistry
36:04 Halberdier
36:32 Arson
36:21 Cavalier
39:26 Blast Furnace
38:47 Chain Barding Armor
38:58 Plate Mail Armor
39:05 Hand Cart
38:39 Town Watch
39:21 Paladin
40:03 Husbandry
45:09 Plate Barding Armor
46:26 Ordonnance Companies
46:27 Elite Throwing Axeman
Gut Check
9:16 Loom
11:20 Feudal Age
12:47 Double-Bit Axe
14:09 Wheelbarrow
17:47 Castle Age
20:51 Scale Barding Armor
20:57 Forging
21:20 Gold Mining
21:45 Bow Saw
21:18 Horse Collar
23:44 Bloodlines
23:47 Husbandry
24:14 Stone Mining
26:03 Heavy Plow
27:42 Hand Cart
28:21 Iron Casting
29:48 Gold Shaft Mining
29:23 Town Watch
30:47 Chain Barding Armor
34:00 Imperial Age
31:54 Caravan
33:16 Fletching
35:25 Elite Battle Elephant
36:10 Squires
35:56 Arson
35:56 Gambesons
35:32 Pikeman
36:40 Conscription
36:34 Paiks
37:35 Blast Furnace
36:36 Scale Mail Armor
37:13 Halberdier
39:16 Plate Barding Armor
39:48 Ballistics
40:35 Chemistry
39:52 Elite Ratha (Ranged)
41:32 Mahayana
42:02 Heavy Scorpion
45:38 Bodkin Arrow
45:59 Chain Mail Armor
48:09 Bracer
48:10 Padded Archer Armor
48:21 Siege Engineers
48:17 Murder Holes
Mosto990
10:45 Feudal Age
14:25 Castle Age
12:20 Double-Bit Axe
12:39 Horse Collar
18:36 Heavy Plow
19:12 Wheelbarrow
21:45 Hand Cart
22:28 Gold Mining
24:21 Gold Shaft Mining
23:36 Stone Mining
24:03 Bow Saw
29:46 Imperial Age
27:01 Loom
27:02 Town Watch
27:14 Fletching
27:25 Padded Archer Armor
28:10 Town Patrol
28:35 Ballistics
28:14 Bodkin Arrow
29:22 Leather Archer Armor
29:21 Forging
29:17 Scale Barding Armor
29:44 Thumb Ring
29:57 Kamandaran
31:19 Chemistry
30:05 Crossbowman
31:14 Conscription
31:49 Crop Rotation
32:35 Ring Archer Armor
32:43 Iron Casting
31:47 Elite Skirmisher
34:47 Blast Furnace
34:11 Chain Barding Armor
34:56 Stone Shaft Mining
35:10 Elite War Elephant
36:09 Masonry
38:52 Citadels
41:37 Squires
40:57 Pikeman
42:07 Halberdier
43:16 Arson
56:38 Murder Holes
57:13 Architecture
Giantazio
11:26 Feudal Age
15:26 Castle Age
14:09 Double-Bit Axe
20:26 Wheelbarrow
22:38 Pikeman
25:23 Hand Cart
25:52 Forging
26:51 Stone Mining
26:54 Gold Mining
27:50 Horse Collar
29:41 Iron Casting
31:50 Imperial Age
29:30 Scale Mail Armor
32:15 Bow Saw
32:06 Halberdier
36:20 Conscription
36:18 Guilds
37:36 Blast Furnace
36:52 Chain Mail Armor
37:28 Onager
38:58 Gold Shaft Mining
40:25 Furor Celtica
40:24 Siege Onager
43:05 Plate Mail Armor
59:01 Murder Holes
fiordy90
11:26 Feudal Age
17:45 Castle Age
17:46 Double-Bit Axe
17:44 Horse Collar
19:17 Bow Saw
19:21 Heavy Plow
22:24 Wheelbarrow
23:58 Hand Cart
31:00 Fortified Wall
31:11 Ballistics
32:32 Husbandry
32:43 Bloodlines
32:45 Scale Barding Armor
32:51 Forging
32:33 Fletching
32:15 Light Cavalry
38:00 Imperial Age
35:24 Elite Skirmisher
38:10 Bodkin Arrow
38:36 Chain Barding Armor
38:52 Iron Casting
38:32 Masonry
38:23 Murder Holes
38:18 Arson
40:06 Conscription
39:09 Elite Mameluke
42:15 Capped Ram
43:43 Squires
43:04 Pikeman
44:16 Siege Ram
47:55 Two-Man Saw
48:02 Blast Furnace
48:16 Chemistry
47:56 Hussar
50:08 Plate Barding Armor
49:34 Scale Mail Armor
49:35 Padded Archer Armor
49:35 Bracer
Bipaccio
9:24 Loom
11:09 Feudal Age
13:41 Loom
15:57 Castle Age
14:30 Scale Mail Armor
14:38 Double-Bit Axe
16:09 Man-at-Arms
17:29 Horse Collar
22:47 Long Swordsman
25:21 Bow Saw
25:34 Gold Mining
28:19 Fletching
29:04 Scale Barding Armor
29:13 Forging
29:20 Heavy Plow
30:25 Wheelbarrow
30:03 Husbandry
30:14 Bloodlines
33:46 Imperial Age
32:13 Iron Casting
32:53 Chain Barding Armor
33:56 Elite Steppe Lancer
36:20 Gold Shaft Mining
36:42 Conscription
37:49 Blast Furnace
38:33 Hand Cart
39:57 Chemistry
38:53 Murder Holes
38:48 Guard Tower
39:19 Ballistics
39:03 Padded Archer Armor
42:57 Leather Archer Armor
42:56 Stone Mining
43:03 Bodkin Arrow
43:58 Town Watch
46:10 Stone Shaft Mining
46:28 Town Patrol
46:30 Bracer
48:13 Elite Mangudai
51:18 Parthian Tactics
58:57 Heavy Cavalry Archer
Connection lost

Rejoining the realm…

Still unreachable

The connection could not be restored.

Session expired

The server has moved on; the page needs a fresh start.